 Dungeon Crawl Stone Soup version 0.31.0-9-g3a7656b989 (webtiles) character file.

Game seed: 3956553645891427938

52 qw the Shooter (level 3, -3/18 HPs)
             Began as a Spriggan Hunter on Feb 2, 2024.
             Frozen to death by an endoplasm (5 damage)
             ... on level 2 of the Dungeon.
             The game lasted 00:00:02 (986 turns).

qw the Shooter (Spriggan Hunter)                     Turns: 986, Time: 00:00:03

Health: -3/18      AC:  2    Str:  7    XL:     3   Next: 60%
Magic:  4/4        EV: 19    Int: 10    God:
Gold:   91         SH:  0    Dex: 20    Spells: 2/2 levels left

rFire   . . .        a - +0 shortbow
rCold   . . .        (shield currently unavailable)
rNeg    . . .        c - +0 robe
rPois   .            (helmet restricted)
rElec   .            (no cloak)
rCorr   .            (gloves unavailable)
SInv    +            (boots unavailable)
Will    .....        (no amulet)
Stlth   ++           (no ring)
HPRegen 0.23/turn    (no ring)
MPRegen 0.09/turn

%: no passive effects
@: very quick
A: very small, no large weapons, unfitting armour, see invisible, speed 3
a: no special abilities


You were on level 2 of the Dungeon.
You visited 1 branch of the dungeon, and saw 2 of its levels.

You collected 91 gold pieces.


Innate Abilities, Weirdness & Mutations

You are very small and have problems with some larger weapons.
You are too small for most types of armour.
You have supernaturally acute eyesight. (SInv)
You cover ground extremely quickly. (Speed+++)


   Skills:
 - Level 1.5 Fighting
 + Level 4.8 Ranged Weapons
 - Level 4.0 Dodging
 - Level 1.5 Stealth


You had 2 spell levels left.
You didn't know any spells.
Your spell library was empty.

Inventory:

Hand Weapons
 a - a +0 shortbow (weapon)
Armour
 c - a +0 robe (worn)
Potions
 b - a potion of haste {unknown}
 e - a potion of curing {unknown}

Dungeon Overview and Level Annotations

Branches:
Dungeon (2/15)

Altars:


Message History

The ribbon worm closely misses you.
A kobold comes into view. It is wielding a +0 short sword.
The endoplasm misses you.
You shoot an arrow. The kobold shouts!
The arrow hits the ribbon worm.
The ribbon worm is moderately wounded.
The endoplasm freezes you.
You are frozen.
The ribbon worm bites you.
You shoot an arrow. The arrow hits the ribbon worm.
The ribbon worm is heavily wounded.
The endoplasm misses you. The ribbon worm closely misses you.
You shoot an arrow.
The arrow barely misses the ribbon worm.
The arrow closely misses the adder.
The endoplasm misses you. The ribbon worm misses you.
You shoot an arrow. The arrow hits the ribbon worm!
The ribbon worm is almost dead.
The endoplasm barely misses you.
You shoot an arrow.
The arrow barely misses the ribbon worm.
The arrow closely misses the adder.
The endoplasm misses you. The ribbon worm bites you.
You shoot an arrow. The arrow hits the ribbon worm!
You kill the ribbon worm!
The endoplasm closely misses you. The adder misses you.
The endoplasm completely misses you. The kobold misses you.
You shoot an arrow. The arrow closely misses the adder.
The adder closely misses you. The kobold barely misses you.
The endoplasm misses you.
You shoot an arrow. The arrow closely misses the adder.
The adder bites you. The kobold completely misses you.
The endoplasm closely misses you. The adder bites you.
You shoot an arrow. The arrow hits the adder.
The adder is heavily wounded.
The adder completely misses you.
The kobold hits you with a +0 short sword.
The endoplasm freezes you.
You are frozen.
You die...

#..).###.. ..... ..
.....)) ...#. ...%
#?.#.# # #SJ#.# ##.
#@.#.# #
##..###.K#.# .##
.....#....##.... ##
#...#.......... #.
#.............# #.
#..%......####
#####.###......#.##
#.......#......#.#
#..............#.#


You could see an adder, an endoplasm and a kobold.

Vanquished Creatures
  An adder (D:2)
  2 dart slugs (D:1)
  A ribbon worm (D:2)
  5 ball pythons
  An endoplasm (D:1)
  2 giant cockroaches (D:1)
  3 goblins
  2 hobgoblins
  6 jackals (D:1)
  2 kobolds
  2 quokkas (D:1)
  2 bats (D:1)
  2 frilled lizards (D:1)
  4 rats
35 creatures vanquished.

Notes
Turn   | Place    | Note
-------+----------+-------------------------------------------
     0 | D:1      | qw the Spriggan Hunter began the quest for the Orb.
     0 | D:1      | Reached XP level 1. HP: 10/10 MP: 2/2
     0 | D:1      | 0 ||| qw: Version: 0.3-a-155-g5e7d8dd
     0 | D:1      | 0 ||| qw: Game counter: 1492
     0 | D:1      | 0 ||| qw: Melee chars always use a shield: true
     0 | D:1      | 0 ||| qw: God list: Okawaru
     0 | D:1      | 0 ||| qw: Allow faded altars: false
     0 | D:1      | 0 ||| qw: Do Orc after clearing Dungeon:15 true
     0 | D:1      | 0 ||| qw: Do second Lair branch before Depths: true
     0 | D:1      | 0 ||| qw: Lair rune preference: random
     0 | D:1      | 0 ||| qw: Goals: Normal
     0 | D:1      | 0 ||| PLANNING D:1-11
    66 | D:1      | Reached skill level 3 in Dodging
   151 | D:1      | Found a faded altar of an unknown god.
   154 | D:1      | Reached XP level 2. HP: 14/14 MP: 3/3
   393 | D:1      | Reached XP level 3. HP: 18/18 MP: 4/4
   898 | D:1      | 898 ||| READING scroll labelled ODE TUWUTSOTS.
   901 | D:1      | 901 ||| READING scroll labelled INKASS GOUSTUO.
   902 | D:1      | 902 ||| DROPPING scroll of butterflies.
   985 | D:2      | HP: 4/18 [adder (2)]
   986 | D:2      | Frozen to death by an endoplasm

Levels and vault maps discovered:
D:1:      minmay_arrival_jagged, layout_basic, nicolae_ecumenical_snake_handling
D:2:      layout_rooms, chequers_serial_rivers_micro_b,
          dreamdust_princess_bridge

Skill      XL: |  1  2 |
---------------+-------+-----
Dodging        | 3 4 |  4.0
Fighting       | |  1.5
Ranged Weapons | |  4.8
Stealth        | |  1.5

Action                     || total
---------------------------++-------
   Fire: Shortbow          ||    96
    Use: Scroll            ||     2
 Armour: Robe              ||    14
  Dodge: Dodged            ||    53

Table legend:
 A = Non-vault XP
 B = Vault XP
 C = Vault XP percentage of total XP
 D = Non-vault monster count
 E = Vault monster count
 F = Vault count percentage of total count
                 A         B        C        D         E       F
            +---------+---------+-------+---------+---------+-------
      Total |      71 |       4 |   5.3 |      32 |       3 |   8.6
            +---------+---------+-------+---------+---------+-------
        D:1 |      47 |       4 |   7.8 |      25 |       3 |  10.7
        D:2 |      24 |       0 |   0.0 |       7 |       0 |   0.0
            +---------+---------+-------+---------+---------+-------
